 Dungeon Crawl Stone Soup version 0.29.1-1-gd02db6906a (webtiles) character file.

Game seed: 959843511543146579

151 Demigod47 the Cudgeller (level 5, -9/47 HPs)
             Began as a Minotaur Fighter on Oct 17, 2022.
             Killed by nerve-wracking pain
             ... invoked by Grinder
              (13 damage)
             ... on level 3 of the Dungeon.
             The game lasted 00:03:26 (2941 turns).

Demigod47 the Cudgeller (Minotaur Fighter)          Turns: 2941, Time: 00:03:26

Health: -9/47      AC:  8    Str: 23    XL:     5   Next: 10%
Magic:  4/4        EV:  9    Int:  5    God:
Gold:   88         SH:  4    Dex:  9    Spells: 4/4 levels left

rFire   . . .      SeeInvis .   a - +0 flail
rCold   . . .      Faith    .   c - +0 buckler
rNeg    . . .      Spirit   .   b - +0 scale mail
rPois   .          Reflect  .   (helmet restricted)
rElec   .          Harm     .   n - +0 cloak
rCorr   .          Rampage  .   (no gloves)
Will    .....                   (no boots)
Stlth   ..........              (no amulet)
HPRegen 0.15/turn               (no ring)
MPRegen 0.09/turn               (no ring)

@: no status effects
A: horns 2, retaliatory headbutt
a: no special abilities


You were on level 3 of the Dungeon.
You visited 1 branch of the dungeon, and saw 3 of its levels.

You collected 88 gold pieces.

Inventory:

Hand Weapons
 a - a +0 flail (weapon)
Armour
 b - a +0 scale mail (worn)
 c - a +0 buckler (worn)
 n - a +0 cloak (worn)
Scrolls
 e - 2 scrolls of magic mapping
 f - a scroll of torment {unknown}
 g - a scroll of silence
 i - a scroll of teleportation
 j - a scroll of fear {unknown}
 k - 2 scrolls of immolation {unknown}
Potions
 d - 2 potions of might
 h - 2 potions of haste


   Skills:
 + Level 4.4 Fighting
 * Level 4.9 Maces & Flails
 + Level 4.2 Armour
 + Level 0.9 Dodging
 + Level 4.1 Shields


You had 4 spell levels left.
You didn't know any spells.
Your spell library contained the following spells:

 Spells                   Type           Power      Damage    Failure   Level
 Apportation              Tloc           0%         N/A       86%         1
 Magic Dart               Conj           0%         1d3       86%         1
 Searing Ray              Conj           0%         2d4       95%         2
 Ozocubu's Armour         Ice            0%         N/A       99%         3
 Fulminant Prism          Conj/Hex       0%         3d6       100%        4
 Alistair's Intoxication  Tmut/Pois      0%         N/A       100%        5
 Ozocubu's Refrigeration  Ice            0%         4d7       100%        7


Dungeon Overview and Level Annotations

Branches:
Dungeon (3/15)

Altars:

Shops:
D:3 [

Annotations:
D:3 Grinder


Innate Abilities, Weirdness & Mutations

You have a pair of horns on your head.
You reflexively headbutt those who attack you in melee.


Message History

Grinder is heavily wounded.
Grinder blinks!
You closely miss Grinder.
Grinder is heavily wounded.
Grinder hits you but does no damage.
You hit Grinder. Your headbutt misses Grinder.
Grinder is heavily wounded.
Grinder gestures at you. You resist with significant effort.
You barely miss Grinder.
Grinder is heavily wounded.
You block Grinder's attack.
You closely miss Grinder.
Grinder is heavily wounded.
Grinder completely misses you. Grinder gestures at you.
Pain shoots through your body!
You hit Grinder. Your headbutt misses Grinder.
Grinder is heavily wounded.
Grinder gestures at you. You resist with significant effort.
You hit Grinder. Your headbutt misses Grinder.
Grinder is severely wounded.
Grinder hits you but does no damage.
You barely miss Grinder.
Grinder is severely wounded.
Grinder gestures at you. Pain shoots through your body!
* * * LOW HITPOINT WARNING * * *
You hit Grinder but do no damage. Your headbutt misses Grinder.
Grinder is severely wounded.
Grinder hits you.
* * * LOW HITPOINT WARNING * * *
You writhe in agony.
* * * LOW HITPOINT WARNING * * *
You hit Grinder.
Grinder is severely wounded.
Grinder gestures at you. Pain shoots through your body!
You die...

#...# #....##>.....
#...# #....####....
#...# #....# #....
#...# #....# #### #...#
....# #
###...#####....# ##
#..............#######.
#..............#.......
#.....@......# #.......
#.....5......# #......†
#............###.......
#......................
#########..............
#.............#
#.............#
#.............#
#.............#


You could see Grinder.

Vanquished Creatures
  Crazy Yiuf (D:2)
  4 gnolls
  5 adders (D:2)
  A worm (D:2)
  A dart slug (D:1)
  2 ball pythons
  6 bats
  3 endoplasms
  2 giant cockroaches
  3 goblins
  A hobgoblin (D:3)
  2 quokkas
  2 frilled lizards
  5 kobolds
  7 rats
45 creatures vanquished.

Notes
Turn   | Place    | Note
-------+----------+-------------------------------------------
     0 | D:1      | Demigod47 the Minotaur Fighter began the quest for the Orb.
     0 | D:1      | Reached XP level 1. HP: 19/19 MP: 0/0
   239 | D:1      | Reached XP level 2. HP: 27/27 MP: 1/1
   805 | D:2      | Reached XP level 3. HP: 12/33 MP: 2/2
  1264 | D:2      | Found a runed translucent door.
  1265 | D:2      | Noticed Crazy Yiuf
  1309 | D:2      | Reached XP level 4. HP: 37/40 MP: 3/3
  2604 | D:2      | Killed Crazy Yiuf
  2605 | D:2      | Reached XP level 5. HP: 40/47 MP: 4/4
  2819 | D:3      | Found Tigogh's Armour Emporium.
  2899 | D:3      | Noticed Grinder
  2941 | D:3      | Killed from afar by Grinder

Illustrated notes

Levels and vault maps discovered:
D:1:      lightli_arrival_isolated_outpost, layout_loops_ring,
          serial_bayou_pond_a, minmay_door_square
D:2:      layout_basic, serial_forest, infiniplex_forest_clump_tiny,
          infiniplex_forest_clump_double, infiniplex_forest_corner_1,
          infiniplex_forest_lined_2, infiniplex_forest_straight_2,
          infiniplex_forest_lined_room_3, infiniplex_forest_lined_3,
          infiniplex_forest_lined_corner, infiniplex_forest_corner_2,
          chequers_arboretum, minmay_randomly_rotated_circles,
          uniq_crazy_yiuf_cottage
D:3:      layout_basic, serial_shops, shop, uniq_natasha, uniq_grinder

Skill      XL: |  1  2  3  4 |
---------------+-------------+-----
Armour         | 4 |  4.2
Maces & Flails | 3 4 |  4.9
Fighting       | 4 |  4.4
Shields        | 4 |  4.1
Dodging        | |  0.9

Action                   |  1- 3 |  4- 6 || total
-------------------------+-------+-------++-------
Melee: Flail             |    65 |    70 ||   135
       Headbutt          |     5 |    11 ||    16
  Use: Scroll            |       |     3 ||     3
       Potion            |       |     3 ||     3
Armor: Scale mail        |    27 |    53 ||    80
Dodge: Dodged            |    35 |    41 ||    76
Block: Buckler           |    16 |    24 ||    40
